Map: Cyber Forest LE

Players

Piroxiljin - Winner!

  • Race: Terran Terran
  • Spawn Location: 5:00

A.I. 1 (Hard)

  • Race: Terran Terran
  • Spawn Location: 11:00

VOD

Have the link to the VOD?

Description

Time

  • Played on: Jan. 27, 2019, 7 a.m.
  • Length: 18:43
Show
View Real Time Build Order
Export as new Build Order

Piroxiljin Terran - Winner!

Build Orders: Mech 

Get SALT Encoding   

  6  0:00  SCV  
  13  0:15  Supply Depot  
  13  0:18  SCV  
  14  0:31  SCV  
  14  0:35  Refinery  
  15  0:42  Barracks  
  15  0:52  SCV  
  16  1:04  SCV  
  17  1:15  Refinery  
  17  1:16  SCV  
  18  1:31  Marine  
  19  1:39  Factory  
  19  1:50  Barracks Tech Lab  
  19  1:53  SCV  
  20  2:09  Supply Depot  
  20  2:30  Siege Tank  
  20  2:35  Barracks Tech Lab  
  23  2:44  Barracks  
  23  3:02  SCV  
  27  3:12  Siege Tank  
  27  3:15  SCV  
  28  3:27  SCV  
  28  3:28  Marauder  
  28  3:29  Concussive Shells  
  30  3:40  Orbital Command  
  30  3:48  Barracks Tech Lab  
  30  3:53  Factory  
  30  4:19  Marine  
  31  4:26  Supply Depot  
  31  4:27  Supply Depot  
  31  4:29  Supply Depot  
  31  4:47  SCV, Marauder, Marine  
  35  4:58  Siege Tank  
  35  4:59  SCV  
  39  5:05  Marauder  
  41  5:11  SCV  
  42  5:23  SCV  
  43  5:30  Cyclone  
  46  5:36  Marauder  
  46  5:37  Siege Tank  
  46  5:39  Barracks Tech Lab  
  51  5:57  Marauder  
  51  6:02  Hellion  
  55  6:08  Command Center  
  55  6:11  Supply Depot  
  55  6:16  Supply Depot  
  55  6:33  Siege Tank x2, Marine x2  
  58  6:51  Marine  
  46  7:05  Siege Tank x2  
  52  7:16  Factory  
  52  7:25  Engineering Bay  
  52  7:27  Engineering Bay  
  52  7:28  Orbital Command  
  52  7:29  Refinery  
  52  7:33  SCV  
  53  7:45  SCV  
  53  7:51  Marine x2  
  54  7:54  Cyclone  
  54  7:58  SCV  
  60  8:09  Marine  
  60  8:11  Barracks  
  61  8:25  Starport  
  61  8:27  Barracks Tech Lab, Marauder  
  61  8:33  Siege Tank x2  
  69  8:47  SCV  
  70  8:49  Refinery  
  70  9:00  SCV  
  70  9:12  SCV  
  70  9:16  Barracks Tech Lab  
  71  9:20  Barracks Tech Lab  
  71  9:24  SCV  
  72  9:26  Supply Depot  
  72  9:27  Supply Depot  
  72  9:28  Supply Depot  
  72  9:30  Supply Depot  
  72  9:32  Terran Infantry Weapons Level 1  
  72  9:33  Terran Infantry Armor Level 1  
  72  9:36  SCV  
  73  9:39  Armory  
  73  9:47  Raven  
  73  9:49  Supply Depot  
  75  10:06  Siege Tank  
  78  10:19  Siege Tank  
  81  10:26  SCV  
  82  10:38  SCV  
  82  10:39  Banshee  
  86  10:44  Terran Vehicle Weapons Level 1  
  86  10:47  Armory  
  86  10:51  Missile Turret  
  86  11:12  Missile Turret  
  86  11:17  Factory  
  86  11:32  Siege Tank x2  
  92  11:33  Cyclone, Missile Turret  
  95  11:57  Missile Turret  
  95  12:04  Cyclone x2  
  95  12:05  Cyclone, Marine x2  
  106  12:17  SCV  
  106  12:18  SCV, Missile Turret  
  107  12:23  Marauder  
  107  12:29  SCV  
  110  12:31  SCV  
  111  12:41  SCV  
  112  13:12  Missile Turret  
  112  13:19  Siege Tank x2, Thor  
  124  13:51  Thor  
  124  13:52  Thor  
  123  14:09  SCV, Supply Depot  
  124  14:12  Marauder, Supply Depot  
  126  14:31  SCV, Marauder  
  129  14:36  Supply Depot  
  129  14:39  SCV  
  129  14:43  SCV, Siege Tank x3  
  140  15:15  Cyclone x2  
  140  15:17  Missile Turret  
  146  15:31  Supply Depot  
  146  15:32  Supply Depot  
  146  15:52  Thor x2  
  158  16:05  Command Center  
  155  17:38  Missile Turret  
  155  17:42  Medivac  
  157  17:45  Siege Tank x2, Thor  
  169  18:12  Medivac  
  171  18:14  SCV  
Show
View Real Time Build Order
Export as new Build Order

A.I. 1 (Hard) Terran 

Build Orders:  

Get SALT Encoding   

  6  0:00  SCV  
  13  0:13  SCV  
  14  0:20  Supply Depot  
  14  0:25  SCV  
  15  0:41  SCV  
  16  0:43  Barracks  
  16  0:50  Refinery  
  16  0:54  SCV  
  17  1:06  SCV  
  18  1:18  SCV  
  19  1:21  Supply Depot  
  19  1:30  SCV, Marine  
  21  1:40  Barracks  
  21  1:42  Orbital Command  
  21  1:49  Barracks Tech Lab, Refinery  
  21  2:03  Factory  
  21  2:08  Marine  
  22  2:20  Supply Depot  
  22  2:25  Marine  
  22  2:28  Marine  
  24  2:43  Marine  
  25  2:46  Marine  
  25  2:49  Hellion  
  28  2:55  Supply Depot  
  28  3:01  Marine  
  29  3:07  SCV  
  29  3:10  Hellion  
  32  3:19  SCV  
  33  3:20  Engineering Bay  
  33  3:31  SCV, Hellion  
  36  3:35  Supply Depot  
  36  3:44  SCV  
  37  3:53  Hellion  
  39  3:56  SCV  
  40  4:08  SCV  
  41  4:14  Hellion  
  43  4:49  Barracks Tech Lab, Marauder  
  43  4:50  Factory, Terran Infantry Weapons Level 1, Stimpack, Factory Tech Lab  
  45  4:54  Starport  
  45  4:56  Starport  
  45  4:58  Supply Depot  
  45  5:06  Combat Shield  
  45  5:10  Marauder, Marine  
  50  5:28  Marauder  
  50  5:32  Marauder  
  50  5:34  Supply Depot, Starport Tech Lab x2  
  50  5:35  Factory Tech Lab  
  48  5:50  Marauder  
  48  5:52  Command Center  
  48  5:53  Marauder  
  50  6:11  Reaper  
  51  6:13  Raven  
  51  6:14  Marine  
  51  6:15  Missile Turret  
  54  6:21  Missile Turret  
  54  6:25  Concussive Shells  
  54  6:32  Marine  
  55  6:42  Bunker  
  55  6:43  Reaper  
  55  6:44  Terran Infantry Armor Level 1  
  48  6:50  Marine  
  41  7:00  Raven  
  43  7:07  Marine  
  44  7:15  Marine  
  45  7:20  SCV  
  45  7:22  Sensor Tower  
  46  7:23  SCV, Refinery  
  46  7:25  Marine  
  46  7:27  Missile Turret  
  48  7:30  Refinery  
  48  7:32  Marine  
  48  7:35  SCV  
  50  7:39  SCV  
  50  7:43  Marine  
  52  7:47  SCV  
  52  7:51  SCV, Marauder  
  56  7:58  Missile Turret  
  56  7:59  SCV  
  56  8:01  Marauder  
  56  8:03  SCV  
  60  8:11  SCV  
  60  8:12  Marine  
  62  8:15  SCV  
  63  8:20  Armory  
  63  8:23  SCV  
  64  8:27  SCV  
  64  8:29  Bunker  
  65  8:35  SCV  
  65  8:36  Medivac  
  65  8:40  Medivac  
  70  8:53  Marine  
  71  8:56  Marine  
  72  9:06  Raven  
  74  9:10  Medivac, Marine  
  74  9:12  Supply Depot  
  74  9:14  Marine  
  65  9:28  Marine  
  66  9:32  Marine  
  67  9:43  SCV  
  68  9:46  Marine  
  68  9:48  Ghost Academy  
  68  9:50  Marine  
  68  9:51  SCV  
  68  9:52  Command Center  
  71  10:04  Reaper  
  72  10:08  Reaper  
  72  10:10  SCV  
  72  10:11  SCV  
  75  10:16  Supply Depot  
  75  10:22  SCV  
  75  10:23  Terran Infantry Weapons Level 2  
  76  10:34  Terran Vehicle Weapons Level 1  
  76  10:36  Marine  
  76  10:40  Marine  
  78  10:50  Barracks  
  78  10:54  Marine  
  79  10:57  Ghost  
  79  10:58  Fusion Core  
  79  11:04  Engineering Bay  
  81  11:06  SCV  
  81  11:08  SCV  
  81  11:10  Armory  
  83  11:11  SCV  
  83  11:12  Marine  
  85  11:18  SCV  
  85  11:20  SCV, Missile Turret  
  85  11:23  SCV  
  88  11:26  Marine  
  88  11:29  Missile Turret, Terran Infantry Armor Level 2  
  88  11:30  SCV, Marauder  
  92  11:33  SCV  
  92  11:35  SCV  
  92  11:38  Barracks Reactor  
  94  11:42  SCV  
  94  11:45  SCV  
  96  11:47  SCV  
  96  11:50  Bunker  
  97  11:55  SCV  
  97  11:57  SCV, Terran Ship Weapons Level 1  
  97  12:00  SCV  
  100  12:07  SCV  
  101  12:09  SCV, Siege Tank  
  101  12:10  Supply Depot  
  101  12:12  Widow Mine  
  101  12:14  Marine  
  108  12:17  Marine  
  108  12:20  Marine  
  110  12:23  Marine  
  110  12:28  Terran Vehicle And Ship Armor Level 1  
  111  12:32  Marauder  
  111  12:33  Siege Tank  
  111  12:34  Ghost  
  111  12:36  Supply Depot  
  114  12:40  Terran Infantry Weapons Level 3  
  114  12:41  Siege Tank  
  117  12:47  Refinery  
  117  12:52  Refinery  
  117  12:53  Ghost  
  119  12:59  Supply Depot  
  119  13:05  Widow Mine  
  121  13:47  Terran Infantry Armor Level 3  
  121  13:48  Marine  
  121  13:50  Terran Vehicle Weapons Level 2  
  121  13:51  Marine  
  121  13:54  Marine  
  76  13:57  Marine  
  75  14:06  Marine  
  75  14:09  Marine  
  77  14:12  Marine  
  77  14:15  Marine  
  77  14:16  Siege Tank  
  80  14:17  Raven, SCV  
  80  14:19  Widow Mine  
  80  14:22  Terran Ship Weapons Level 2  
  84  14:24  SCV, Marauder  
  84  14:27  SCV, Marauder  
  84  14:29  Marine  
  84  14:30  SCV  
  90  14:32  Marine  
  90  14:34  Viking  
  93  14:40  Hellion  
  93  14:43  SCV  
  93  14:45  SCV, Marine  
  90  14:46  SCV  
  90  14:48  Siege Tank, Marine  
  90  14:49  Marine  
  91  14:52  Marine  
  91  14:55  SCV  
  91  14:57  SCV  
  79  15:00  Viking  
  79  15:03  Marine  
  79  15:05  Raven  
  79  15:06  Marauder, Siege Tank  
  79  15:08  SCV  
  79  15:09  SCV, Marine  
  79  15:12  Marine  
  70  15:20  SCV, Widow Mine  
  70  15:21  SCV, Marine  
  70  15:26  Marine  
  70  15:27  Marine  
  66  15:29  Marine  
  66  15:30  Medivac  
  66  15:32  SCV  
  66  15:33  SCV  
  66  15:38  Hellion  
  66  15:39  Marauder  
  67  15:44  SCV, Marine  
  67  15:45  SCV, Ghost  
  67  15:47  Medivac, Marine  
  74  15:50  Siege Tank  
  74  15:56  SCV  
  77  15:57  SCV  
  77  16:00  Raven, Ghost  
  53  16:14  Marauder  
  52  16:29  Marauder  
  50  16:35  Marauder  
  50  16:46  SCV  
  42  16:58  SCV  
  20  17:10  SCV  
  18  17:23  SCV  
  17  17:35  SCV  
  16  17:47  SCV  
  15  17:59  SCV  
  10  18:11  SCV  
  9  18:23  SCV  
Tags
 
Composition
Mech
Matchup
TvT
Race
Terran
Spawn Locations
Cross Positions
Add a new tag
Caveats
  • Supply blocks, unpowered buildings, or Contaminate may cause inaccurate times.
  • Supply counts are checked every 10 seconds.